 Dungeon Crawl Stone Soup version 0.28-a0-909-g796cbd3a86 (webtiles) character file.

Game seed: 13941275726817183499

77 gigimoi the Magician (level 4, -3/27 HPs)
             Began as an Octopode Hedge Wizard on Nov 24, 2021.
             Killed by divine providence
             ... invoked by an orc priest
              (15 damage)
             ... on level 3 of the Dungeon.
             The game lasted 00:08:23 (3135 turns).

gigimoi the Magician (Octopode Hedge Wizard)        Turns: 3135, Time: 00:08:24

Health: -3/27      AC:  1    Str:  9    XL:     4   Next: 33%
Magic:  0/9        EV: 13    Int: 17    God:
Gold:   97         SH:  0    Dex: 11    Spells: 2/9 levels left

rFire   + . .      SeeInvis .   a - +0 dagger
rCold   x . .      Faith    .   (no shield)
rNeg    . . .      Spirit   .   b - +0 hat
rPois   .          Reflect  .   (no amulet)
rElec   .          Harm     .   d - ring of fire
rCorr   .          Rampage  .   (no ring)
Will    .....                   (no ring)
Stlth   +++.......              (no ring)
HPRegen 0.09/turn               (no ring)
MPRegen 0.11/turn               (no ring)
                                (no ring)
                                (no ring)

@: about to teleport
A: almost no armour, amphibious, 8 rings, camouflage 1, gelatinous body 1,
(nimble swimmer 1), tentacles
a: no special abilities


You were on level 3 of the Dungeon.
You visited 1 branch of the dungeon, and saw 3 of its levels.

You collected 97 gold pieces.

Inventory:

Hand Weapons
 a - a +0 dagger (weapon)
Missiles
 f - 2 throwing nets
Armour
 b - a +0 hat (worn)
Jewellery
 d - a ring of fire (left tentacle)
Scrolls
 c - a scroll of noise {unknown}
 h - a scroll of magic mapping {unknown}
 j - a scroll of blinking {unknown}
 m - a scroll of teleportation
Potions
 e - a potion of curing
 g - a potion of ambrosia {unknown}
 i - a potion of mutation {unknown}
 l - a potion of magic {unknown}


   Skills:
 + Level 2.6 Dodging
 + Level 3.3 Stealth
 * Level 3.3 Spellcasting
 * Level 1.7 Conjurations
 - Level 1.7 Summonings
 + Level 1.8 Translocations


You had 2 spell levels left.
You knew the following spells:

 Your Spells              Type           Power      Damage    Failure   Level
a - Magic Dart            Conj           32%        1d4       9%          1
b - Call Imp              Summ           8%         N/A       13%         2
c - Blink                 Tloc           18%        N/A       12%         2
d - Poisonous Vapours     Pois/Air       4%         N/A       26%         2

Your spell library contained the following spells:

 Spells                   Type           Power      Damage    Failure   Level
 Pain                     Necr           8%         1d4       17%         1
 Slow                     Hex            8%         N/A       17%         1
 Sting                    Tmut/Pois      8%         1d3       17%         1
 Conjure Flame            Conj/Fire      8%         6-21      34%         3
 Mephitic Cloud           Conj/Pois/Air  4%         N/A       36%         3
 Summon Lightning Spire   Summ/Air       5%         N/A       75%         4
 Olgreb's Toxic Radiance  Pois           2%         N/A       86%         4
 Agony                    Necr           2%         N/A       99%         5
 Excruciating Wounds      Necr           1%         N/A       99%         5
 Storm Form               Tmut/Air       1%         N/A       100%        7
 Maxwell's Capacitive Co  Air            1%         ∞         100%        8


Dungeon Overview and Level Annotations

Branches:
Dungeon (3/15)

Altars:


Innate Abilities, Weirdness & Mutations

You cannot wear most types of armour.
You are amphibious.
You can wear up to eight rings at the same time.
Your skin changes colour to match your surroundings (Stealth+).
Your rubbery body absorbs attacks. (AC +1, EV +1)
((You are camouflaged near water. (Stealth+)))
You have tentacles for arms and can constrict up to eight enemies at once.


Message History

You swap places.
The orc barely misses your crimson imp.
Your crimson imp hits the orc.
Casting: Call Imp (safe; 13% risk of failure)
Confirm with . or Enter, or press ? or * to list all spells.
A beastly little devil appears in a puff of flame.
Your crimson imp disappears in a puff of smoke!
Your crimson imp closely misses the orc priest.
Your crimson imp blinks!
You see here a scroll labelled XEMPUTUIGHI.
You swap places.
The orc misses your crimson imp.
Your crimson imp blinks!
As you read the scroll labelled CIATSA KUUN, it crumbles to dust.
You feel strangely unstable.
It was a scroll of teleportation.
The orc hits you with a +0 dagger.
* * * LOW HITPOINT WARNING * * *
The orc barely misses you.
The orc priest calls upon Beogh to heal the orc.
The orc's wounds heal themselves!
Your crimson imp hits the orc priest but does no damage.
As you read the scroll labelled XADOOCKIMU, it crumbles to dust.
It is a scroll of identify.
e - 2 potions of curing The orc barely misses you.
The orc misses you.
The orc priest hits your crimson imp with a +0 mace!
Your crimson imp barely misses the orc priest.
You feel better. The orc hits you but does no damage.
The orc priest completely misses your crimson imp.
Your crimson imp closely misses the orc priest.
Casting: Call Imp (safe; 13% risk of failure)
Confirm with . or Enter, or press ? or * to list all spells.
Aiming: Magic Dart (safe; 9% risk of failure)
Press: ? - help, Shift-Dir - straight line, f/p - orc priest
Aim: an orc priest, wielding a +0 mace and wearing a +0 ring mail (heavily wounded, 100% to hit)
The magic dart hits the orc priest.
The orc priest is severely wounded.
The orc barely misses you. The orc misses you.
The orc priest calls down the wrath of Beogh upon you.
Beogh smites you!
Ouch! That really hurt!
You die...

#########
#.....).###
#.##.##.#.##
#5#.#......##
#o##o##.#...##
#?##..#.#.#..##
#o@o..)..##...##
#####.###.#....#
#.# ##<..#.####
#.# ##.......#
#.# #.....####
#.# #...).# o.#
#.....# .#
#.....# #.....#


You could see an orc priest, 2 orcs and a friendly crimson imp (summoned).

Vanquished Creatures
  Jessica (D:2)
  A worm (D:2)
  2 dart slugs (D:1)
  An orc (D:3)
  3 ball pythons
  2 bats (D:1)
  3 endoplasms
  A giant cockroach (D:2)
  2 goblins
  A hobgoblin (D:2)
  3 kobolds
  4 quokkas (D:2)
  3 frilled lizards
  3 rats
30 creatures vanquished.

Vanquished Creatures (collateral kills)
  A dart slug (D:2)
  An orc (D:3)
  An endoplasm (D:1)
  A giant cockroach (D:2)
  A goblin (D:2)
  A quokka (D:2)
  2 ball pythons
  A rat (D:2)
9 creatures vanquished.

Grand Total: 39 creatures vanquished

Notes
Turn   | Place    | Note
-------+----------+-------------------------------------------
     0 | D:1      | gigimoi the Octopode Hedge Wizard began the quest for the
                  | Orb.
     0 | D:1      | Reached XP level 1. HP: 11/11 MP: 4/4
   160 | D:1      | Reached XP level 2. HP: 17/17 MP: 0/6
   359 | D:1      | Learned a level 2 spell: Call Imp
   362 | D:1      | Learned a level 2 spell: Blink
   697 | D:1      | Found a faded altar of an unknown god.
  1474 | D:2      | Reached XP level 3. HP: 21/21 MP: 0/7
  2746 | D:2      | Noticed Jessica
  2759 | D:2      | Killed Jessica
  2760 | D:2      | Reached XP level 4. HP: 20/27 MP: 1/8
  2951 | D:2      | Learned a level 2 spell: Poisonous Vapours
  3135 | D:3      | Killed from afar by an orc priest

Illustrated notes

Levels and vault maps discovered:
D:1:      dpeg_arrival_line_fractal, layout_basic,
          hellmonk_ecumenical_altar_run_dry, minmay_tree_intersection,
          hangedman_decor_growths
D:2:      layout_basic, kennysheep_jessica_study
D:3:      kennysheep_big_flooded_room, layout_loops_cross, kennysheep_orc_chapel

Skill      XL: |  1  2 |
---------------+-------+-----
Stealth        | 3 |  3.3
Dodging        | |  2.6
Spellcasting   | |  3.3
Conjurations   | |  1.7
Summonings     | |  1.7
Translocations | |  1.8

Action                   |  1- 3 |  4- 6 || total
-------------------------+-------+-------++-------
Melee: Dagger            |    21 |     3 ||    24
       Constrict         |     7 |     1 ||     8
       Tentacles         |     4 |       ||     4
 Cast: Magic Dart        |    69 |    13 ||    82
       Call Imp          |    19 |     8 ||    27
       Blink             |     1 |       ||     1
  Use: Scroll            |       |     2 ||     2
       Potion            |       |     1 ||     1
Armor: Skin              |     3 |     2 ||     5
Dodge: Dodged            |    19 |     8 ||    27

Table legend: (Time is in decaauts)
 A = Elapsed time spent in this place.
 B = Non-inter-level travel time spent in this place.
 C = Inter-level travel time spent in this place.
 D = Time resting spent in this place.
 E = Time spent auto-exploring this place.
 F = Levels seen in this place.
 G = Mean time per level.
                   A        B        C        D        E       F      G
               +--------+--------+--------+--------+--------+-----+--------+
         Total |   3133 |   3088 |     45 |    438 |   2309 |   3 | 1044.3 |
       Dungeon |   3133 |   3088 |     45 |    438 |   2309 |   3 | 1044.3 |
               +--------+--------+--------+--------+--------+-----+--------+

Top non-repeatable levels by time:
     D:2: 1818 daAuts
     D:1: 1132 daAuts
     D:3: 182 daAuts
